AoeStats
← LastDance

Arabia

509441786Analyzed
1v1 RM · 7d ago on Sep 26, 2026· 23m 30s· 2 players
Game mode
Random Map
Map size
Tiny (2 player)
Population
200
Speed
Normal
Resources
Standard
Victory
Conquest
Starting age
Dark Age
Ending age
Imperial Age
RankedLock teamsTeams togetherTeam positionsShared explorationLock speedFull tech treeHidden civsTurbo modeCheats
Victory
Defeat
🇨🇦 Danes · Canada
699
+17
🇦🇷 Aztecs · Argentina
722
-17
Seirios
5:33 Loom
10:32 Feudal Age
11:08 Double-Bit Axe
11:05 Horse Collar
15:01 Fletching
18:07 Man-at-Arms
19:10 Scale Mail Armor
21:35 Arson
LastDance
9:17 Loom
11:22 Feudal Age
12:02 Double-Bit Axe
14:58 Gold Mining
18:04 Fletching
19:30 Horse Collar
24:19 Castle Age
Connection lost

Rejoining the realm…

Still unreachable

The connection could not be restored.

Session expired

The server has moved on; the page needs a fresh start.